 Dungeon Crawl Stone Soup version 0.27.1-4-g1640c2035a (webtiles) character file.

Game seed: 1309907697775799503

4239 belegose the Blocker (level 10, -4/80 HPs)
             Began as a Formicid Fighter on Nov 4, 2021.
             Slain by Grum (20 damage)
             ... on level 8 of the Dungeon.
             The game lasted 00:23:59 (12269 turns).

belegose the Blocker (Formicid Fighter)            Turns: 12269, Time: 00:24:00

Health: -4/80      AC: 14    Str: 29    XL:     10   Next: 55%
Magic:  10/10      EV:  7    Int:  9    God:
Gold:   132        SH: 12    Dex: 10    Spells: 9/9 levels left

rFire    x . .     SeeInvis +   a - +5 war axe of Cataclysm {freeze, Will++ Stlth+}
rCold    + . .     Faith    .   c - +0 kite shield
rNeg     . . .     Spirit   .   F - +0 plate armour
rPois    .         Reflect  .   (helmet unavailable)
rElec    .         Harm     .   (no cloak)
rCorr    .         Rampage  .   (no gloves)
Will     +++..                  p - +0 pair of boots
Stlth    ..........             (no amulet)
HPRegen  0.23/turn              k - +6 ring of strength
MPRegen  0.12/turn              C - ring of ice

@: no status effects
A: permanent stasis, dig shafts and tunnels, antennae 3, four strong arms
a: Dig, Shaft Self


You were on level 8 of the Dungeon.
You visited 2 branches of the dungeon, and saw 9 of its levels.

You collected 446 gold pieces.
You spent 314 gold pieces at shops.

Inventory:

Hand Weapons
 a - the +5 war axe of Cataclysm (weapon) {freeze, Will++ Stlth+}
   (You bought it in a shop on level 7 of the Dungeon)

   It freezes those it strikes, dealing additional cold damage.
   It can also slow down cold-blooded creatures.
   Will:      It greatly increases your willpower.
   Stlth:     It makes you more stealthy.
 b - a +0 shortbow
 D - a +2 scimitar of freezing
 I - a +1 whip of electrocution
Missiles
 h - 179 stones
 r - 21 poisoned darts (quivered)
 u - 8 boomerangs
 x - 35 bolts
 y - 156 arrows
 B - a throwing net
Armour
 c - a +0 kite shield (worn)
 p - a +0 pair of boots (worn)
 A - the +0 leather armour of Saiw {rPois Dex+6}
   (You found it on level 6 of the Dungeon)

   Dex:       It affects your dexterity (+6).
   rPois:     It protects you from poison.
 F - a +0 plate armour (worn)
Jewellery
 k - a +6 ring of strength (left hand)
 C - a ring of ice (right hand)
Wands
 H - a wand of flame (34)
 J - a wand of digging (5)
Scrolls
 e - 13 scrolls of identify {unknown}
 m - 2 scrolls of noise {unknown}
 n - 2 scrolls of fear {unknown}
 o - a scroll of immolation {unknown}
 q - 7 scrolls of teleportation {unknown}
 t - 3 scrolls of amnesia {unknown}
 w - a scroll of enchant weapon {unknown}
 z - a scroll of vulnerability {unknown}
 E - a scroll of torment {unknown}
Potions
 d - 2 potions of might
 f - 4 potions of heal wounds {unknown}
 g - a potion of resistance {unknown}
 i - 3 potions of flight {unknown}
 j - a potion of curing {unknown}
 l - 4 potions of mutation {unknown}
 s - 2 potions of brilliance {unknown}
 v - a potion of cancellation {unknown}
 G - a potion of magic {unknown}


   Skills:
 + Level 7.7 Fighting
 + Level 3.3(5.0) Axes
 - Level 5.6(6.1) Polearms
 + Level 6.1 Throwing
 + Level 7.7 Armour
 + Level 8.5 Shields
 + Level 3.5 Evocations


You had 9 spell levels left.
You didn't know any spells.
Your spell library was empty.

Dungeon Overview and Level Annotations

Branches:
Dungeon (8/15)             Temple (1/1) D:6            Lair (0/6) D:8

Altars:
Ashenzari
Cheibriados
Elyvilon
Fedhas
Hepliaklqana
Kikubaaqudgha
Makhleb
Nemelex Xobeh
Okawaru
Qazlal
Ru
Sif Muna
Trog
Uskayaw
Vehumet
Wu Jian
Xom
Yredelemnul
The Shining One

Shops:
D:4 **   D:5 [   D:7 *

Annotations:
D:3 2 transporters, nroviw's ghost, weakling HOFi
D:8 Grum


Innate Abilities, Weirdness & Mutations

You cannot be hasted, slowed, berserked, paralysed or teleported.
You can dig through walls and to a lower floor.
You have a pair of large antennae on your head. (SInv)
Your four strong arms can wield two-handed weapons with a shield.


Message History

You block the wolf's attack. Grum hits you but does no damage.
The wolf bites you! You block the wolf's attack.
You barely miss the wolf.
The wolf is severely wounded.
The wolf bites you but does no damage. You block the wolf's attack.
You hit the wolf. You freeze the wolf.
The wolf is severely wounded.
The wolf bites you but does no damage. The wolf bites you.
Grum barely misses you.
You closely miss the wolf.
The wolf is severely wounded.
The wolf bites you. Grum barely misses you. You block the wolf's attack.
You barely miss the wolf.
The wolf is severely wounded.
You block the wolf's attack.
Grum hits you from afar with a -1 glaive!
The wolf bites you.
Grum stares intently and grunts.
Grum hits you from afar with a -1 glaive!
The wolf bites you.
You closely miss the wolf.
The wolf is severely wounded.
The wolf bites you but does no damage. Grum hits you but does no damage.
The wolf bites you but does no damage.
You closely miss the wolf.
The wolf is severely wounded.
You block the wolf's attack. Grum barely misses you.
The wolf bites you but does no damage.
You hit the wolf. You freeze the wolf.
The wolf is almost dead.
You block the wolf's attack.
Grum hits you from afar with a -1 glaive!
The wolf bites you.
Grum hits you from afar with a -1 glaive!
* * * LOW HITPOINT WARNING * * *
You slash the wolf! You freeze the wolf.
You kill the wolf!
Grum hits you from afar with a -1 glaive!!
You die...

[... .... # .... ..... # ...
..... # ######.. ...... ##
#.....#####...... ..#
#.....#...h...... ...
#.....+.hg#...... ...
##+##.....###h# ..... ##
#.....##'####@#####....# #
#.....#.....#.....#....# #
#..<..#.....'.....+....# .. #
####.....#############....# ...#
.....#####....### #.....# ...#
................# #.....# ....
................# #.....# ...
.###.##.##.###### #.....# #####
.###.##.##.#....#+++#..#'####...#


You could see Grum and 3 wolves.

Vanquished Creatures
  Pikel (D:7)
  4 yaks (D:8)
  A steam dragon (D:7)
  2 water moccasins (D:7)
  3 orc warriors
  A hornet zombie (D:8)
  2 ice beasts (D:6)
  A sky beast (D:7)
  A black bear (D:3)
  A wolf (D:8)
  A centaur (D:6)
  2 ogres
  2 phantoms
  2 lemures (D:6)
  A kobold brigand (D:6)
  A bullfrog (D:7)
  A wyvern zombie (D:6)
  A gnoll sergeant (D:7)
  A water moccasin zombie (D:6)
  A water moccasin skeleton (D:5)
  7 wights
  2 howler monkeys (D:8)
  2 bullfrog zombies
  6 hounds
  4 orc priests
  A centaur skeleton (D:5)
  2 iguanas (D:5)
  10 orc wizards
  2 hound skeletons
  7 gnolls
  8 adders
  3 white imps
  2 ufetubi (D:5)
  An adder skeleton (D:4)
  5 worms
  2 dart slugs (D:1)
  27 orcs
  7 endoplasms
  3 giant cockroaches
  11 goblins
  11 hobgoblins
  3 jackals (D:4)
  17 kobolds
  5 quokkas
  5 ball pythons
  7 bats
  A frilled lizard (D:3)
  5 rats
196 creatures vanquished.

Vanquished Creatures (others)
  4 fungi (D:8)
  3 plants (D:8)
  A withered plant (D:5)
8 creatures vanquished.

Grand Total: 204 creatures vanquished

Notes
Turn   | Place    | Note
-------+----------+-------------------------------------------
     0 | D:1      | belegose the Formicid Fighter began the quest for the Orb.
     0 | D:1      | Reached XP level 1. HP: 18/18 MP: 1/1
    85 | D:1      | Reached XP level 2. HP: 24/24 MP: 2/2
   401 | D:1      | Reached skill level 4 in Shields
   401 | D:1      | Reached XP level 3. HP: 28/29 MP: 3/3
  1107 | D:2      | Reached XP level 4. HP: 22/37 MP: 4/4
  1344 | D:2      | Reached skill level 1 in Throwing
  2502 | D:3      | Found a transporter.
  2502 | D:3      | Noticed nroviw's ghost (weakling HOFi)
  2503 | D:3      | Found a transporter.
  2690 | D:3      | Reached XP level 5. HP: 37/42 MP: 5/5
  3306 | D:3      | Noticed a black bear
  3319 | D:3      | Killed a black bear
  3320 | D:3      | Reached XP level 6. HP: 41/49 MP: 6/6
  3388 | D:3      | Reached skill level 5 in Shields
  3784 | D:4      | Found a burning altar of Makhleb.
  3909 | D:4      | Noticed an ogre
  4143 | D:4      | Killed an ogre
  4144 | D:4      | Reached XP level 7. HP: 16/55 MP: 7/7
  4438 | D:4      | Found a broken altar of Ashenzari.
  4549 | D:4      | Found an iron altar of Okawaru.
  4828 | D:4      | Found a radiant altar of Vehumet.
  4882 | D:4      | Found Luvizem's Specific Store.
  4883 | D:4      | Found Buogh's General Store.
  5030 | D:4      | Found a snail-covered altar of Cheibriados.
  5319 | D:5      | Entered Level 5 of the Dungeon
  5641 | D:4      | Reached skill level 5 in Fighting
  5649 | D:4      | Reached skill level 5 in Armour
  5937 | D:5      | Found an ancient bone altar of Kikubaaqudgha.
  6007 | D:5      | Found Ontas's Armour Shop.
  6300 | D:5      | Reached XP level 8. HP: 44/62 MP: 8/8
  7253 | D:5      | Reached skill level 6 in Shields
  7785 | D:6      | Identified the +0 leather armour of Saiw {rPois Dex+6}
  8218 | D:5      | Reached skill level 5 in Polearms
  8218 | D:5      | Reached XP level 9. HP: 44/69 MP: 9/9
  8714 | D:6      | Found a staircase to the Ecumenical Temple.
  8774 | Temple   | Entered the Ecumenical Temple
  9222 | D:7      | Noticed Pikel
  9282 | D:6      | Reached skill level 7 in Shields
 10002 | D:7      | Reached skill level 5 in Throwing
 10430 | D:7      | Found Begoptaj's Assorted Antiques.
 10446 | D:7      | Bought an encrusted war axe for 314 gold pieces
 10446 | D:7      | Identified the +5 war axe of Cataclysm {freeze, Will++
                  | Stlth+} (You bought it in a shop on level 7 of the Dungeon)
 10554 | D:7      | Reached skill level 1 in Evocations
 10651 | D:7      | Killed Pikel
 10652 | D:7      | Reached skill level 1 in Axes
 10652 | D:7      | Reached XP level 10. HP: 37/79 MP: 10/10
 10949 | D:7      | Found a shimmering altar of Xom.
 10962 | D:7      | Reached skill level 8 in Shields
 11286 | D:8      | Found a bloodstained altar of Trog.
 11905 | D:8      | Found a hide-covered altar of Uskayaw.
 11905 | D:8      | Found a shimmering blue altar of Sif Muna.
 12134 | D:8      | Found a staircase to the Lair.
 12256 | D:8      | Noticed Grum
 12269 | D:8      | Slain by Grum

Illustrated notes

Levels and vault maps discovered:
D:1:      tarquinn_simple_flora_water_e, layout_loops_ring, minmay_octomino_j4
D:2:      layout_loops_ring
D:3:      cheibrodos_greedy_goblins, layout_basic, gammafunk_ghost_arena,
          cheibrodos_gnoll_hut
D:4:      layout_basic, cheibrodos_worm_habitat, okawaru_metal_pillars_3,
          kennysheep_mini_moat, mainiacjoe_overflow_boulevard,
          mainiacjoe_overflow_brackets, st_stairs_11, nicolae_specific_store,
          minmay_misc_feat_room, hangedman_abyss_or_decor_lesser_grid
D:5:      layout_cave_pods, kiku_gazebo_garden_becter, serial_shops,
          nicolae_shop_trees, grunt_ministairs_6
D:6:      layout_loops_ring, minmay_temple_entry_sparse_star
D:7:      layout_basic, nicolae_overflow_crystal_walls, serial_shops,
          nicolae_shop_behind_doors, uniq_pikel
D:8:      layout_gridville, mainiacjoe_overflow_big_doors,
          gammafunk_temple_overflow_pools, dpeg_oklobed_lair, chequers_avenue,
          uniq_grum
Temple:   compressed_dpeg_triangle_lava_temple

Skill      XL: |  1  2  3  4  5  6  7  8  9 10 |
---------------+-------------------------------+-----
Shields        | 4 5 6 7 8 |  8.5
Throwing       | 1 2 3 4 5 6 |  6.1
Fighting       | 4 5 6 7 |  7.7
Armour         | 4 5 6 7 |  7.7
Polearms       | 3 4 5 |  5.6
Evocations     | 2 3 |  3.5
Axes           | 1 3 |  3.3

Action                   |  1- 3 |  4- 6 |  7- 9 | 10-12 || total
-------------------------+-------+-------+-------+-------++-------
Melee: Trident           |   114 |   161 |   410 |       ||   685
       War axe           |       |       |    33 |    81 ||   114
Throw: Dart              |       |    16 |    23 |     3 ||    42
       Boomerang         |       |       |     9 |       ||     9
 Abil: Dig               |       |       |     1 |       ||     1
Armor: Scale mail        |    43 |    48 |    85 |       ||   176
       Plate armour      |       |       |    58 |    30 ||    88
Dodge: Dodged            |    24 |    42 |   130 |    20 ||   216
Block: Kite shield       |    54 |    78 |   262 |    56 ||   450
